 Dungeon Crawl Stone Soup version 0.31-a0-188-g5e087ee2ca (webtiles) character file.

Game seed: 13678382350934549985

28 qw the Shooter (level 2, 0/16 HPs)
             Began as a Deep Elf Hunter on June 22, 2023.
             Succumbed to their own poison gas
             ... on level 1 of the Dungeon.
             The game lasted 00:00:18 (702 turns).

qw the Shooter (Deep Elf Hunter)                     Turns: 702, Time: 00:00:18

Health: 0/16       AC:  7    Str:  8    XL:     2   Next: 96%
Magic:  4/4        EV:  8    Int: 13    God:
Gold:   52         SH:  0    Dex: 24    Spells: 1/1 levels left

rFire   . . .        Y - +0 shortbow
rCold   . . .        (shield currently unavailable)
rNeg    . . .        g - +0 scale mail
rPois   .            (no helmet)
rElec   .            k - +0 cloak
rCorr   .            (no gloves)
SInv    .            (no boots)
Will    .....        (no amulet)
Stlth   +            e - +6 ring of dexterity
HPRegen 0.22/turn    (no ring)
MPRegen 0.09/turn

%: no passive effects
@: lethally poisoned (0 -> -16)
A: no striking features
a: no special abilities


You were on level 1 of the Dungeon.
You visited 1 branch of the dungeon, and saw 1 of its levels.

You collected 52 gold pieces.


   Skills:
 - Level 1.5 Fighting
 + Level 6.6 Ranged Weapons
 - Level 2.4 Dodging
 - Level 1.2 Stealth


You had one spell level left.
You didn't know any spells.
Your spell library was empty.

Inventory:

Hand Weapons
 Y - a +0 shortbow (weapon)
Armour
 g - a +0 scale mail (worn)
 k - a +0 cloak (worn)
Jewellery
 e - a +6 ring of dexterity (left hand)
Potions
 d - a potion of brilliance {unknown}
 l - a potion of enlightenment {unknown}
 n - a potion of magic {unknown}

Dungeon Overview and Level Annotations

Branches:
Dungeon (1/15)

Altars:

Annotations:
D:1 1 transporter


Message History

The air fills with toxic fumes!
As you read the scroll labelled YPYIXIC ARHEFRU, it crumbles to dust.
It was a scroll of poison.
Partly explored, unvisited transporter.
698 ||| READING scroll labelled DAOS ANNI.
Blink to where?
Press: ? - help, Dir - move target, f - you Are you sure you want to cancel this blink?
As you read the scroll labelled DAOS ANNI, it crumbles to dust.
It was a scroll of blinking.
Partly explored, unvisited transporter.
699 ||| READING scroll labelled OTEUFI RARCHA.
As you read the scroll labelled OTEUFI RARCHA, it crumbles to dust.
You assume a fearsome visage.
Nothing appears to happen.
It was a scroll of fear.
Partly explored, unvisited transporter.
700 ||| DROPPING scroll of butterflies.
You drop a scroll of butterflies.
Partly explored, unvisited transporter.
(D) Dungeon
Where to? (* - list waypoints, ? - help)
What level of the Dungeon? (default 1, ? - help) Sorry, I don't know how to get there.
Enter note:
Enter note:
Enter note:
Enter note:
Enter note:
Enter note:
Enter note:
Enter note:
Enter note:
Enter note:
Enter note:
Enter note: Really walk into that cloud of poison gas?
You are engulfed in poison gas.
You are lethally poisoned!
Ouch! That really hurt!
You feel very sick.
702 ||| Stepping ~*~*~tactically~*~*~ (cloud).
You die...

....................#..#########.
%.........¤¤....#¤¤¤#.....^##....
##.........¤¤.##0¤¤¤#.....##.....
#.#.........¤#¤#¤¤¤¤#.¤..##......
.#.##......##¤#¤¤¤¤¤0¤¤.##......(
..##.#....#.##¤0¤0#¤¤¤¤..........
..#.#.#..#.#¤#¤¤¤¤¤¤0¤¤.....#####
...#.##..##.#¤¤¤¤¤¤0¤¤¤..........
....##....##¤¤¤¤@¤###############
........[¤¤¤¤¤¤¤¤¤# #
.........¤¤¤¤¤¤¤0¤# #
....##...¤##¤0¤¤¤¤# #
...#.##..##¤#¤¤¤¤¤## #
..#.#.#..#¤#¤#¤¤¤¤0### #
..##.#...¤#¤##¤¤¤¤¤..# #########
.#.##......##.#...##.# #........
#.#..........#.#..##.####.#######


There were no monsters in sight!

Vanquished Creatures
  A dart slug (D:1)
  2 endoplasms (D:1)
  2 giant cockroaches (D:1)
  4 hobgoblins (D:1)
  2 quokkas (D:1)
  A ball python (D:1)
  3 bats (D:1)
  4 frilled lizards (D:1)
  A goblin (D:1)
  2 kobolds (D:1)
  3 rats (D:1)
25 creatures vanquished.

Notes
Turn   | Place    | Note
-------+----------+-------------------------------------------
     0 | D:1      | qw the Deep Elf Hunter began the quest for the Orb.
     0 | D:1      | Reached XP level 1. HP: 12/12 MP: 3/3
     0 | D:1      | 0 ||| qw: Version: 0.3-a-9-g12657ce
     0 | D:1      | 0 ||| qw: Game counter: 2965
     0 | D:1      | 0 ||| qw: Always use a shield: true
     0 | D:1      | 0 ||| qw: God list: Okawaru
     0 | D:1      | 0 ||| qw: Allow faded altars: false
     0 | D:1      | 0 ||| qw: Do Orc after D:15 true
     0 | D:1      | 0 ||| qw: Do second Lair branch before Depths: true
     0 | D:1      | 0 ||| qw: Lair rune preference: random
     0 | D:1      | 0 ||| qw: Plans: Normal
     0 | D:1      | 0 ||| PLANNING D:1-11
   117 | D:1      | Reached skill level 6 in Ranged Weapons
   117 | D:1      | Reached XP level 2. HP: 9/16 MP: 4/4
   438 | D:1      | Found a faded altar of an unknown god.
   675 | D:1      | 675 ||| UPGRADING to +0 scale mail.
   685 | D:1      | 685 ||| DROPPING +0 leather armour.
   686 | D:1      | 686 ||| UPGRADING to +0 cloak.
   691 | D:1      | 691 ||| UPGRADING to +6 ring of dexterity.
   692 | D:1      | 692 ||| READING scroll labelled ZANAH POXOU.
   696 | D:1      | 696 ||| READING scroll labelled EJUXIM PENOJA.
   697 | D:1      | 697 ||| READING scroll labelled YPYIXIC ARHEFRU.
   698 | D:1      | 698 ||| READING scroll labelled DAOS ANNI.
   699 | D:1      | 699 ||| READING scroll labelled OTEUFI RARCHA.
   700 | D:1      | 700 ||| DROPPING scroll of butterflies.
   701 | D:1      | HP: 4/16 [poisoned by you (poison gas)]
   702 | D:1      | 702 ||| Stepping ~*~*~tactically~*~*~ (cloud).
   702 | D:1      | Succumbed to their own poison gas

Levels and vault maps discovered:
D:1:      spicycebolla_arrival_risky_transporter, layout_basic,
          basic_ecumenical_altar, minmay_misc_feat_secret_circle,
          minmay_misc_feat_plants

Skill      XL: |  1 |
---------------+----+-----
Ranged Weapons | 6 |  6.6
Fighting       | |  1.5
Dodging        | |  2.4
Stealth        | |  1.2

Action                     || total
---------------------------++-------
   Fire: Shortbow          ||    66
    Use: Scroll            ||     5
 Armour: Leather armour    ||     1
  Dodge: Dodged            ||    12

Table legend:
 A = Non-vault XP
 B = Vault XP
 C = Vault XP percentage of total XP
 D = Non-vault monster count
 E = Vault monster count
 F = Vault count percentage of total count
                 A         B        C        D         E       F
            +---------+---------+-------+---------+---------+-------
      Total |      40 |       0 |   0.0 |      25 |       0 |   0.0
            +---------+---------+-------+---------+---------+-------
        D:1 |      40 |       0 |   0.0 |      25 |       0 |   0.0
            +---------+---------+-------+---------+---------+-------
